 Dungeon Crawl Stone Soup version 0.20.1-1-g8b1a95d (webtiles) character file.

39 vineage the Ducker (level 3, -1/28 HPs)
             Began as a Demonspawn Gladiator on Aug 3, 2017.
             Slain by a goblin
             ... wielding a +0 dagger
             ... led by Robin
              (3 damage)
             ... on level 2 of the Dungeon.
             The game lasted 00:02:03 (911 turns).

vineage the Ducker (Demonspawn Gladiator)            Turns: 911, Time: 00:02:04

Health: -1/28      AC:  4    Str: 13 (15) XL:     3   Next: 28%
Magic:  3/3        EV: 19    Int:  6 (9)  God:
Gold:   54         SH:  0    Dex: 18 (19) Spells: 2/2 levels left

rFire    . . .     SeeInvis .   a - +0 quarterstaff
rCold    . . .     Gourm    .   (shield currently unavailable)
rNeg     . . .     Faith    .   b - +0 leather armour
rPois    .         Spirit   .   c - +0 helmet
rElec    .         Reflect  .   (no cloak)
rCorr    .         Harm     .   (no gloves)
MR       .....                  (no boots)
Stlth    ++........             (no amulet)
Regen    0.1/turn               (no ring)
MPRegen  0.1/turn               (no ring)

@: agile
A: sturdy frame 1
a: no special abilities


You were on level 2 of the Dungeon.
You were not hungry.

You visited 1 branch of the dungeon, and saw 2 of its levels.

You collected 54 gold pieces.

Inventory:

Hand Weapons
 a - a +0 quarterstaff (weapon)
Missiles
 d - 3 throwing nets (quivered)
Armour
 b - a +0 leather armour (worn)
 c - a +0 helmet (worn)
Scrolls
 e - 2 scrolls of remove curse
 m - a scroll of immolation
Potions
 l - a potion of curing
Comestibles
 f - 2 bread rations
 i - a royal jelly


   Skills:
 + Level 2.4 Fighting
 + Level 2.8 Staves
 + Level 1.8 Throwing
 + Level 1.0 Armour
 + Level 3.3 Dodging


You had 2 spell levels left.
You didn't know any spells.

Dungeon Overview and Level Annotations

Branches:
Dungeon (2/15)

Altars:
The Shining One

Annotations:
D:2 Robin


Innate Abilities, Weirdness & Mutations

Your movements are slightly less encumbered by armour. (ER -2)


Message History

You sock the hobgoblin!
You kill the hobgoblin!
You sock the goblin!
You kill the goblin!
The hobgoblin completely misses you.
Items here: ( ))))))) ††† Robin roars a battlecry!
The hobgoblin goes into a battle-frenzy!
The hobgoblin completely misses you. The hobgoblin completely misses you.
The hobgoblin closely misses you. Robin throws the goblin at you!
* * * LOW HITPOINT WARNING * * *
The goblin hits you but does no damage.
You closely miss the goblin. The goblin closely misses you.
The hobgoblin barely misses you. The goblin closely misses you.
You hit the goblin but do no damage. The hobgoblin hits you with a club.
* * * LOW HITPOINT WARNING * * *
The goblin hits you with a dagger.
You die...

#...# ..... #...# .# ##.#
#...####### .. ##.##
#####.........# #.# #....
#...........#.#####.####....
................^...........
#........†..#.#.##..##......
####...#####.#.##....#..⌠..
#....gg@g.#......##.....
#...#####.###.....#.....
#...# #.###........#..
#####.### #....>.#.#..##'.
#.....)§# #####.##...##_##
........#§# #.###...###.
..#.###.#(# #.#####..#..
#...........# #..........#
...##.#.###.# #######....#


You could see Robin, a hobgoblin and a goblin.

Vanquished Creatures
  A leopard gecko (D:2)
  4 giant cockroaches
  10 goblins
  4 hobgoblins
  2 jackals (D:1)
  A ball python (D:2)
  4 bats (D:1)
  2 frilled lizards (D:1)
  5 kobolds (D:1)
  2 rats (D:1)
35 creatures vanquished.

Notes
Turn   | Place    | Note
-------+----------+-------------------------------------------
     0 | D:1      | vineage the Demonspawn Gladiator began the quest for the Orb.
     0 | D:1      | Reached XP level 1. HP: 16/16 MP: 1/1
    54 | D:1      | Reached skill level 3 in Dodging
   335 | D:1      | Gained mutation: Your movements are slightly less encumbered by armour. (ER -2) [demonic ancestry]
   335 | D:1      | Reached XP level 2. HP: 22/22 MP: 2/2
   821 | D:2      | Found a glowing golden altar of the Shining One.
   869 | D:2      | Noticed Robin
   872 | D:2      | Reached XP level 3. HP: 10/28 MP: 3/3
   896 | D:2      | Reached skill level 1 in Armour
   911 | D:2      | Slain by a goblin

Skill      XL: |  1  2  3 |
---------------+----------+-----
Dodging        | 3 |  3.3
Armour         | 1 |  1.0
Fighting       | |  2.4
Staves         | |  2.8
Throwing       | |  1.8

Action                   || total
-------------------------++-------
Melee: Quarterstaff      ||    88
  Use: Scroll            ||     3
       Potion            ||     3
Armor: Leather armour    ||    30
Dodge: Dodged            ||   113
